 Dungeon Crawl Stone Soup version 0.21.1-1-g345015f (webtiles) character file.

153 teukkam the Stinger (level 5, -1/43 HPs)
             Began as a Gnoll Wanderer on Feb 9, 2018.
             Slain by a gnoll
             ... wielding a +0 spear
              (11 damage)
             ... on level 3 of the Dungeon on Feb 13, 2018.
             The game lasted 00:12:16 (2396 turns).

teukkam the Stinger (Gnoll Wanderer)                Turns: 2396, Time: 00:12:16

Health: -1/43      AC:  3    Str: 12    XL:     5   Next: 35%
Magic:  3/7        EV:  9    Int: 18    God:
Gold:   155        SH:  0    Dex: 14    Spells: 2/6 levels left

rFire    . . .     SeeInvis .   a - +0 mace
rCold    . . .     Gourm    .   (no shield)
rNeg     . . .     Faith    .   d - +0 robe
rPois    .         Spirit   .   (no helmet)
rElec    .         Reflect  .   (no cloak)
rCorr    .         Harm     .   i - +0 pair of gloves
MR       .....                  (no boots)
Stlth    ++........             (no amulet)
HPRegen  0.14/turn              (no ring)
MPRegen  0.10/turn              (no ring)

@: hasted and slowed, constricted
A: distributed training, fangs 1, mutation resistance 1, wild magic 1, strong
nose
a: no special abilities


You were on level 3 of the Dungeon.
You were not hungry.

You visited 1 branch of the dungeon, and saw 3 of its levels.

You collected 155 gold pieces.

Inventory:

Hand Weapons
 a - a +0 mace (weapon)
 b - a +0 hunting sling
 o - a +0 dagger
Missiles
 p - 74 stones (quivered)
Armour
 d - a +0 robe (worn)
 h - a +0 shield
 i - a +0 pair of gloves (worn)
Scrolls
 g - 2 scrolls of identify
 k - a scroll of remove curse
 m - a scroll of fog
Potions
 j - a potion of flight
 q - a potion of brilliance {unknown}
 r - a potion of might {unknown}
Books
 c - Sif Muna's Papyrus of Air

   Spells                             Type                      Level
   a - Swiftness                      Charms/Air                   2
   b - Poisonous Vapours              Poison/Air                   2


   Skills:
 + Level 4.7 Fighting
 + Level 1.4 Short Blades
 + Level 1.4 Long Blades
 + Level 1.4 Axes
 + Level 1.4 Maces & Flails
 + Level 1.4 Polearms
 + Level 1.4 Staves
 + Level 1.4 Slings
 + Level 1.4 Bows
 + Level 1.4 Crossbows
 + Level 1.4 Throwing
 + Level 2.9 Armour
 + Level 1.4 Dodging
 + Level 1.4 Stealth
 + Level 2.9 Shields
 + Level 1.4 Unarmed Combat
 + Level 1.4 Spellcasting
 + Level 1.1 Conjurations
 + Level 1.1 Hexes
 + Level 1.1 Charms
 + Level 1.1 Summonings
 + Level 1.1 Necromancy
 + Level 1.1 Translocations
 + Level 1.1 Transmutations
 + Level 1.1 Fire Magic
 + Level 1.1 Ice Magic
 + Level 3.9 Air Magic
 + Level 1.1 Earth Magic
 + Level 5.5 Poison Magic
 + Level 1.6 Invocations
 + Level 2.9 Evocations


You had 2 spell levels left.
You knew the following spells:

 Your Spells              Type           Power        Failure   Level  Hunger
a - Poisonous Vapours     Pois/Air       ###...       7%          2    ###....
b - Swiftness             Chrm/Air       ##......     14%         2    ###....


Dungeon Overview and Level Annotations

Branches:
Dungeon (3/15)

Altars:
Hepliaklqana
Okawaru
Qazlal
Trog
Wu Jian

Annotations:
D:3 Natasha


Innate Abilities, Weirdness & Mutations

Your experience applies equally to all skills.
You have very sharp teeth.
Your uncanny sense of smell can sniff out nearby items.
You are somewhat resistant to further mutation.
Your spells are a little harder to cast, but a little more powerful.


Message History

* * * LOW HITPOINT WARNING * * *
The ball python bites you.
* * * LOW HITPOINT WARNING * * *
The ball python grabs you. The ball python constricts you.
The gnoll barely misses you.
You feel better. The bat hits you but does no damage.
The ball python bites you but does no damage.
The ball python constricts you. The gnoll completely misses you.
The bat closely misses you. The ball python barely misses you.
The ball python constricts you.
It was a potion of haste.
You feel yourself speed up. The bat hits you but does no damage. x2
The gnoll hits you from afar with a spear.
* * * LOW HITPOINT WARNING * * *
The ball python bites you but does no damage.
The ball python constricts you.
The ball python bites you but does no damage.
The ball python constricts you.
The gnoll hits you from afar with a spear!
You die...

#. # #.....# #.# #.#### #.....#.
####.#### #....## #.....#.
#.......# #..#..###.......
#.......# ####.##.##.##.....#
#.......# ###l..##.⌠.##.....<.#
#.......###.Kgg####.####......#
#...h..glg.§#gS#.#.#.#.#......#
####..###.####.#@⌠.###.8.#.....#
5###....l.# #.b#.#.#.#.#..#####
..lg.###### ##b##.#.###..##
..#h## ###.###.8.###.# K##.#
#....###.#.##..# .##.###
#...#.#.###.#....
##....#######..#[⌠.## ⌠.#.###
##...(.((..w....#.## #..#
...((.#######.#.### ...


You could see a gnoll, a leopard gecko, a hobgoblin, a goblin, 2 bats, a ball
python and a kobold.

Vanquished Creatures
  A worker ant (D:2)
  4 adders (D:2)
  3 gnolls (D:2)
  A worm (D:2)
  3 dart slugs (D:1)
  A leopard gecko (D:1)
  4 giant cockroaches
  6 goblins
  8 hobgoblins
  A jackal (D:3)
  10 bats
  2 frilled lizards
  8 kobolds
  4 rats
56 creatures vanquished.

Notes
Turn   | Place    | Note
-------+----------+-------------------------------------------
     0 | D:1      | teukkam the Gnoll Wanderer began the quest for the Orb.
     0 | D:1      | teukkam set off with: a +0 shield, a +0 mace, Sif Muna's Papyrus of Air, a +0 robe, a ration
     0 | D:1      | Reached XP level 1. HP: 20/20 MP: 2/2
     0 | D:1      | Identified Sif Muna's Papyrus of Air
   140 | D:2      | Noticed a worker ant
   141 | D:2      | Reached XP level 2. HP: 13/26 MP: 3/3
   464 | D:1      | Learned a level 2 spell: Poisonous Vapours
   660 | D:1      | Reached XP level 3. HP: 31/31 MP: 4/4
  1184 | D:2      | Reached skill level 1 in Invocations
  1311 | D:2      | Found a stormy altar of Qazlal.
  1318 | D:2      | Reached skill level 1 in Short Blades
  1318 | D:2      | Reached skill level 1 in Long Blades
  1318 | D:2      | Reached skill level 1 in Axes
  1318 | D:2      | Reached skill level 1 in Maces & Flails
  1318 | D:2      | Reached skill level 1 in Polearms
  1318 | D:2      | Reached skill level 1 in Staves
  1318 | D:2      | Reached skill level 1 in Slings
  1318 | D:2      | Reached skill level 1 in Bows
  1318 | D:2      | Reached skill level 1 in Crossbows
  1318 | D:2      | Reached skill level 1 in Throwing
  1318 | D:2      | Reached skill level 1 in Dodging
  1318 | D:2      | Reached skill level 1 in Stealth
  1318 | D:2      | Reached skill level 1 in Unarmed Combat
  1318 | D:2      | Reached skill level 1 in Spellcasting
  1318 | D:2      | Reached XP level 4. HP: 38/38 MP: 0/6
  1473 | D:2      | Reached skill level 1 in Conjurations
  1473 | D:2      | Reached skill level 1 in Hexes
  1473 | D:2      | Reached skill level 1 in Charms
  1473 | D:2      | Reached skill level 1 in Summonings
  1473 | D:2      | Reached skill level 1 in Necromancy
  1473 | D:2      | Reached skill level 1 in Translocations
  1473 | D:2      | Reached skill level 1 in Transmutations
  1473 | D:2      | Reached skill level 1 in Fire Magic
  1473 | D:2      | Reached skill level 1 in Ice Magic
  1473 | D:2      | Reached skill level 1 in Earth Magic
  1752 | D:2      | Reached XP level 5. HP: 43/43 MP: 2/7
  1821 | D:2      | Found a bloodstained altar of Trog.
  1835 | D:2      | Learned a level 2 spell: Swiftness
  1999 | D:2      | Found an iron altar of Okawaru.
  2181 | D:2      | Found a hazy altar of Hepliaklqana.
  2349 | D:3      | Gained mutation: Your spells are a little harder to cast, but a little more powerful. [potion of mutation]
  2349 | D:3      | Gained mutation: You are somewhat resistant to further mutation. [potion of mutation]
  2361 | D:3      | Found an ornate altar of the Wu Jian Council.
  2369 | D:3      | Noticed Natasha
  2396 | D:3      | Slain by a gnoll

Skill      XL: |  1  2  3  4 |
---------------+-------------+-----
Invocations    | 1 |  1.6
Short Blades   | 1 |  1.4
Long Blades    | 1 |  1.4
Axes           | 1 |  1.4
Maces & Flails | 1 |  1.4
Polearms       | 1 |  1.4
Staves         | 1 |  1.4
Slings         | 1 |  1.4
Bows           | 1 |  1.4
Crossbows      | 1 |  1.4
Throwing       | 1 |  1.4
Dodging        | 1 |  1.4
Stealth        | 1 |  1.4
Unarmed Combat | 1 |  1.4
Spellcasting   | 1 |  1.4
Conjurations   | 1 |  1.1
Hexes          | 1 |  1.1
Charms         | 1 |  1.1
Summonings     | 1 |  1.1
Necromancy     | 1 |  1.1
Translocations | 1 |  1.1
Transmutations | 1 |  1.1
Fire Magic     | 1 |  1.1
Ice Magic      | 1 |  1.1
Earth Magic    | 1 |  1.1
Fighting       | |  4.7
Armour         | |  2.9
Shields        | |  2.9
Air Magic      | |  3.9
Poison Magic   | |  5.5
Evocations     | |  2.9

Action                   |  1- 3 |  4- 6 || total
-------------------------+-------+-------++-------
Melee: Mace              |    56 |     3 ||    59
       Bite              |     5 |       ||     5
 Fire: Hunting sling     |     4 |    17 ||    21
 Cast: Poisonous Vapours |    14 |    30 ||    44
       Swiftness         |       |     2 ||     2
  Use: Potion            |     1 |     3 ||     4
       Scroll            |       |     4 ||     4
 Stab: Sleeping          |     2 |       ||     2
  Eat: Ration            |     1 |     1 ||     2
       Chunk             |     1 |       ||     1
Armor: Robe              |    17 |    40 ||    57
Dodge: Dodged            |    28 |    80 ||   108
Block: Shield            |    18 |       ||    18
